 Dungeon Crawl Stone Soup version 0.24-a0-378-g94936e539c (webtiles) character file.

Game seed: 2628791271944386336

4491 ohad the Martial Artist (level 10, -4/80 HPs)
             Began as an Octopode Transmuter on May 31, 2019.
             Was an Initiate of Gozag.
             Slain by a komodo dragon (32 damage)
             ... on level 10 of the Dungeon on June 1, 2019.
             The game lasted 00:29:10 (12623 turns).

ohad the Martial Artist (Octopode Transmuter)      Turns: 12623, Time: 00:29:11

Health: -4/80      AC: 12    Str: 11    XL:     10   Next: 38%
Magic:  6/15       EV: 12    Int: 18    God:    Gozag
Gold:   438        SH:  0    Dex: 12    Spells: 3/16 levels left

rFire    x . .     SeeInvis .     - Unarmed
rCold    + + +     Gourm    .   (shield currently unavailable)
rNeg     . . .     Faith    .   (helmet currently unavailable)
rPois    +         Spirit   .   L - amulet of rage
rElec    .         Reflect  .   F - ring of protection from magic
rCorr    .         Harm     .   (no ring)
MR       +....                  (no ring)
Stlth    +++.......             (no ring)
HPRegen  0.23/turn              (no ring)
MPRegen  0.14/turn              (no ring)
                                (no ring)
                                (no ring)

@: icy armour, ice-form, very slightly contaminated
A: large, almost no armour, stealthy swim, amphibious, 8 rings, (constrict 8)
a: End Transformation, Potion Petition, Call Merchant, Bribe Branch, Renounce
Religion, Evoke Berserk Rage


You were on level 10 of the Dungeon.
You worshipped Gozag.
Gozag was aware of your devotion.
You were hungry.
You were a creature of crystalline ice.
You visited 1 branch of the dungeon, and saw 10 of its levels.

You collected 936 gold pieces.
You spent 324 gold pieces at shops.
You paid 174 gold pieces to Gozag.

Inventory:

Hand Weapons
 f - a +1 dagger of venom (melded)
 o - a +0 short sword of venom
Missiles
 a - 91 arrows
 m - 2 atropa-tipped darts (quivered)
 p - 4 boomerangs
 v - 65 poisoned darts
 w - 7 curare-tipped darts
 H - a throwing net
Armour
 u - a +0 large shield
Magical Staves
 q - an uncursed staff of wizardry {unknown}
 x - an uncursed staff of summoning {unknown}
 y - an uncursed staff of poison {unknown}
Jewellery
 h - an uncursed amulet of the gourmand
 D - an uncursed amulet of guardian spirit
 F - a ring of protection from magic (left front paw)
 L - an amulet of rage (around neck)
Wands
 r - a wand of clouds (4)
 C - a wand of paralysis (8)
Scrolls
 b - a scroll of magic mapping
 i - a scroll of enchant weapon
 k - 6 scrolls of remove curse
 s - a scroll of teleportation
 t - 2 scrolls of random uselessness
 z - a scroll of enchant armour {unknown}
 E - a scroll of amnesia
 I - a scroll of fog
 J - a scroll of vulnerability
Potions
 d - a potion of cancellation
 e - a potion of invisibility {unknown}
 g - 2 potions of mutation
 j - a potion of resistance
 l - 2 potions of heal wounds
 n - a potion of agility
 A - 2 potions of curing
 B - a potion of berserk rage
 K - 2 potions of flight
Comestibles
 c - 22 rations


   Skills:
 + Level 5.6 Fighting
 - Level 6.1 Dodging
 - Level 5.5 Stealth
 - Level 8.0 Unarmed Combat
 - Level 3.5 Spellcasting
 - Level 3.5 Charms
 - Level 6.0 Transmutations
 - Level 4.4 Ice Magic
 - Level 2.1 Evocations


You had 3 spell levels left.
You knew the following spells:

 Your Spells              Type           Power        Failure   Level  Hunger
a - Beastly Appendage     Tmut           ###...       1%          1    None
b - Sticks to Snakes      Tmut           ###.....     1%          2    ##.....
c - Spider Form           Tmut/Pois      ##........   14%         3    ###....
d - Ice Form              Ice/Tmut       ###.....     19%         4    ####...
e - Ozocubu's Armour      Chrm/Ice       ###.....     9%          3    ###....

Your spell library contained the following spells:

 Spells                   Type           Power        Failure   Level  Hunger
 Freeze                   Ice            ###.         2%          1    None
 Ensorcelled Hibernation  Hex/Ice        ##....       10%         2    ##.....
 Throw Frost              Conj/Ice       ##....       10%         2    ##.....
 Corona                   Hex            #......      16%         1    None
 Confuse                  Hex            #.......     43%         3    ###....
 Dazzling Spray           Conj/Hex       #.....       43%         3    ###....
 Tukima's Dance           Hex            #.......     43%         3    ###....
 Blade Hands              Tmut           ###.......   36%         5    ######.
 Summon Ice Beast         Ice/Summ       ##......     52%         4    ####...
 Throw Icicle             Conj/Ice       ##......     52%         4    ####...


Dungeon Overview and Level Annotations

Branches:
Dungeon (10/15)            Temple (0/1) D:7            Lair (0/6) D:10
    Orc: D:9-12

Altars:
Ashenzari
Fedhas
Gozag
Makhleb
Ru
Trog
Vehumet
Wu Jian
Xom
Zin
The Shining One

Shops:
D:5 *%[


Innate Abilities, Weirdness & Mutations

You cannot wear most types of armour.
You are very stealthy in the water. (Stealth+)
You are amphibious.
You can wear up to eight rings at the same time.
((You can use your tentacles to constrict eight enemies at once.))
((Your skin changes colour to match your surroundings (Stealth+).))
((Your rubbery body absorbs attacks. (AC +1, EV +1)))


Message History

Unknown command.
Casting: Ice Form (slightly dangerous; 19% risk of failure)
Confirm with . or Enter, or press ? or * to list all spells.
Okay, then.
The komodo dragon bites you!!
Casting: Ice Form (slightly dangerous; 19% risk of failure)
Confirm with . or Enter, or press ? or * to list all spells.
Okay, then.
Casting: Ice Form (slightly dangerous; 19% risk of failure)
Confirm with . or Enter, or press ? or * to list all spells.
You miscast Ozocubu's Armour.
You are very lightly contaminated with residual magic.
You feel a strange surge of energy! The komodo dragon bites you!!
Casting: Ozocubu's Armour (safe; 9% risk of failure)
Confirm with . or Enter, or press ? or * to list all spells.
Your icy body feels more resilient.
You are feeling hungry.
The komodo dragon bites you!!
You die...
Your body crumbles into a pile of gold.

.# #.......# .# #.......#
.########.......#
................#
#####.#.........# .
#####.#......<..# ##### ..
......##........# #...# ...
########........####...######...l
................Yl.........l$.l..
########.############.###.>.#....
#.# #.# #...# ... #.##
####.####### .. #..# ###......# .
##.## #........# #..# #........#
##.## #........# #..####......###


You could see a komodo dragon.

Vanquished Creatures
  A two-headed ogre (D:10)
  A troll (D:10)
  A hippogriff (D:6)
  A hungry ghost (D:7)
  A water moccasin (D:6)
  An ice beast (D:6)
  3 orc warriors
  2 sky beasts (D:10)
  3 ogres
  A phantom (D:6)
  A crocodile (D:10)
  2 centaurs
  A big kobold (D:7)
  4 bullfrogs
  3 scorpions
  4 wights (D:6)
  3 killer bees (D:8)
  4 crimson imps
  3 orc priests
  3 hounds
  A centaur zombie (D:5)
  2 jellies
  4 bullfrog skeletons
  An iguana (D:9)
  8 orc wizards
  10 worker ants
  A killer bee zombie (D:7)
  A hound skeleton (D:10)
  6 adders
  A howler monkey skeleton (D:6)
  3 shadow imps
  An adder skeleton (D:9)
  A worm (D:2)
  3 dart slugs
  4 leopard geckos
  31 orcs
  3 giant cockroaches
  12 goblins
  7 hobgoblins
  19 jackals
  2 quokkas
  2 ball pythons
  4 bats (D:3)
  5 frilled lizards
  10 kobolds
  5 rats
190 creatures vanquished.

Vanquished Creatures (collateral kills)
  Menkaure (D:5)
  An orc warrior (D:5)
2 creatures vanquished.

Grand Total: 192 creatures vanquished

Notes
Turn   | Place    | Note
-------+----------+-------------------------------------------
     0 | D:1      | ohad the Octopode Transmuter began the quest for the Orb.
     0 | D:1      | Reached XP level 1. HP: 13/13 MP: 3/3
    50 | D:1      | You fall into a shaft and drop 1 floor!
   108 | D:1      | Reached XP level 2. HP: 14/18 MP: 3/5
   655 | D:1      | Reached XP level 3. HP: 16/23 MP: 6/6
  1259 | D:2      | Learned a level 2 spell: Sticks to Snakes
  1263 | D:2      | Learned a level 3 spell: Spider Form
  1396 | D:2      | Reached XP level 4. HP: 6/28 MP: 5/7
  1653 | D:2      | Found a shattered altar of Ashenzari.
  2293 | D:3      | Reached XP level 5. HP: 27/33 MP: 5/8
  2522 | D:3      | Reached skill level 5 in Transmutations
  3301 | D:4      | Reached XP level 6. HP: 38/38 MP: 4/10
  4163 | D:4      | Found a burning altar of Makhleb.
  4347 | D:4      | Found a glowing silver altar of Zin.
  4347 | D:4      | Noticed an angel
  4700 | D:4      | Learned a level 4 spell: Ice Form
  4748 | D:5      | Entered Level 5 of the Dungeon
  4748 | D:5      | Found Siaqoseo's General Store.
  4748 | D:5      | Noticed Menkaure
  4810 | D:5      | Reached XP level 7. HP: 21/43 MP: 7/12
  5135 | D:5      | Found Onna's Antique Armour Emporium.
  5260 | D:5      | Found Oheakh's Food Emporium.
  5301 | D:5      | Bought a ration for 50 gold pieces
  5301 | D:5      | Bought a ration for 50 gold pieces
  5301 | D:5      | Bought a ration for 50 gold pieces
  5301 | D:5      | Bought a ration for 50 gold pieces
  5301 | D:5      | Bought a ration for 50 gold pieces
  5301 | D:5      | Bought a ration for 50 gold pieces
  5625 | D:5      | Killed Menkaure
  5980 | D:5      | Found an opulent altar of Gozag.
  6084 | D:5      | Bought a scroll of identify for 24 gold pieces
  6172 | D:6      | Reached XP level 8. HP: 22/52 MP: 10/13
  6994 | D:6      | Upgraded the game from 0.24-a0-375-g4de66ed42b to
                  | 0.24-a0-378-g94936e539c
  7196 | D:6      | Reached skill level 4 in Unarmed Combat
  7202 | D:6      | Found a bloodstained altar of Trog.
  7208 | D:6      | Noticed a hippogriff
  7924 | D:6      | Reached skill level 5 in Unarmed Combat
  7979 | D:6      | Reached skill level 6 in Unarmed Combat
  7979 | D:6      | Reached XP level 9. HP: 41/57 MP: 14/14
  8731 | D:7      | Reached skill level 7 in Unarmed Combat
  9180 | D:7      | Found a staircase to the Ecumenical Temple.
  9185 | D:7      | Reached skill level 8 in Unarmed Combat
  9206 | D:7      | Learned a level 3 spell: Ozocubu's Armour
  9288 | D:7      | Reached skill level 1 in Charms
  9738 | D:8      | Found a radiant altar of Vehumet.
  9951 | D:5      | Became a worshipper of Gozag Ym Sagoz the Greedy
 10124 | D:8      | Found a glowing golden altar of the Shining One.
 10277 | D:8      | Reached skill level 1 in Stealth
 10809 | D:9      | Found a sacrificial altar of Ru.
 10809 | D:9      | Found an ornate altar of the Wu Jian Council.
 10814 | D:9      | Found a faded altar of an unknown god.
 10816 | D:9      | Found a faded altar of an unknown god.
 10817 | D:9      | Found a shimmering altar of Xom.
 11015 | D:9      | Found a blossoming altar of Fedhas.
 11062 | D:9      | Reached skill level 5 in Stealth
 11521 | D:10     | Entered Level 10 of the Dungeon
 11534 | D:10     | Reached skill level 1 in Evocations
 11591 | D:10     | Reached skill level 5 in Fighting
 11619 | D:10     | Found a staircase to the Lair.
 11627 | D:10     | Reached XP level 10. HP: 66/66 MP: 15/15
 11646 | D:10     | Reached skill level 5 in Dodging
 11720 | D:10     | Noticed a two-headed ogre
 12400 | D:10     | Killed a two-headed ogre
 12623 | D:10     | Slain by a komodo dragon

Levels and vault maps discovered:
D:1:      saegor_arrival_simple_d, layout_rooms, chequers_garden
D:2:      layout_basic, lemuel_crystal_altar, eino_tiny_chamber
D:3:      corexii_shack_village, layout_loops_ring, first_ration
D:4:      layout_cave_pods, lemuel_doored_altar, zin_angel
D:5:      layout_loops_ring, lemuel_coloured_pillars_altar, serial_shops, shop,
          nicolae_shop_behind_doors, shop_coins, uniq_menkaure
D:6:      layout_gridville, kennysheep_mini, minmay_microvault
D:7:      layout_basic, minmay_temple_entry_offerings
D:8:      layout_basic, nicolae_tso_swordbearing_angel, basic_altar
D:9:      layout_loops_ring, nicolae_overflow_hidden_temple,
          chequers_temple_overflow_minitemple
D:10:     layout_basic, lair_entry_dummy

Skill      XL: |  1  2  3  4  5  6  7  8  9 10 |
---------------+-------------------------------+-----
Transmutations | 3 4 5 6 |  6.0
Spellcasting   | 3 |  3.5
Ice Magic      | 2 4 |  4.4
Fighting       | 3 5 |  5.6
Dodging        | 4 6 |  6.1
Unarmed Combat | 6 8 |  8.0
Charms         | 1 3 |  3.5
Stealth        | 5 |  5.5
Evocations     | 2 |  2.1

Action                   |  1- 3 |  4- 6 |  7- 9 | 10-12 || total
-------------------------+-------+-------+-------+-------++-------
Melee: Unarmed           |    89 |   121 |   215 |    30 ||   455
       Constrict         |    23 |    22 |    28 |     1 ||    74
       Tentacles         |    12 |    14 |    21 |     1 ||    48
       Kick              |    12 |     7 |       |       ||    19
       Punch             |     2 |     1 |     4 |       ||     7
       Dagger            |       |    14 |   101 |     2 ||   117
 Cast: Beastly Appendage |    12 |     3 |     1 |       ||    16
       Spider Form       |     1 |     7 |     2 |       ||    10
       Sticks to Snakes  |       |     5 |    15 |     5 ||    25
       Ice Form          |       |     1 |    28 |     5 ||    34
       Ozocubu's Armour  |       |       |       |     2 ||     2
  Use: Potion            |       |     2 |       |       ||     2
       Scroll            |       |       |     8 |     8 ||    16
 Stab: Sleeping          |     2 |     8 |     4 |     2 ||    16
       Distracted        |       |       |     1 |     1 ||     2
  Eat: Chunk             |    10 |    14 |    30 |       ||    54
       Ration            |       |       |     1 |     1 ||     2
Armor: Skin              |     5 |    11 |    49 |     6 ||    71
Dodge: Dodged            |    39 |    91 |   181 |    14 ||   325

Table legend:
 A = Non-vault XP
 B = Vault XP
 C = Vault XP percentage of total XP
 D = Non-vault monster count
 E = Vault monster count
 F = Vault count percentage of total count
                 A         B        C        D         E       F
            +---------+---------+-------+---------+---------+-------
      Total |    6058 |     359 |   5.6 |     178 |      14 |   7.3
            +---------+---------+-------+---------+---------+-------
        D:1 |      47 |       0 |   0.0 |      28 |       0 |   0.0
        D:2 |      76 |       0 |   0.0 |       9 |       0 |   0.0
        D:3 |      82 |      24 |  22.6 |      20 |      12 |  37.5
        D:4 |     278 |       0 |   0.0 |      16 |       0 |   0.0
        D:5 |     593 |     109 |  15.5 |      16 |       1 |   5.9
        D:6 |    1288 |     226 |  14.9 |      31 |       1 |   3.1
        D:7 |     704 |       0 |   0.0 |      14 |       0 |   0.0
        D:8 |     531 |       0 |   0.0 |       8 |       0 |   0.0
        D:9 |     295 |       0 |   0.0 |      16 |       0 |   0.0
       D:10 |    2164 |       0 |   0.0 |      20 |       0 |   0.0
            +---------+---------+-------+---------+---------+-------
